Map: Orbital Shipyard

Players

Snarf

  • Race: Protoss Protoss
  • League: Bronze

Nidhogg - Winner!

  • Race: Terran Terran
  • League: Bronze

VOD

Have the link to the VOD?

Description

Time

  • Played on: Sept. 19, 2015, 10:44 a.m.
  • Length: 12:04
Show
View Real Time Build Order
Export as new Build Order

Snarf Protoss 

Build Orders:  

Get SALT Encoding   

  12  0:00  Probe (Chrono Boost)  
  13  0:10  Probe (Chrono Boost)  
  14  0:17  Pylon  
  14  0:21  Probe (Chrono Boost)  
  15  0:35  Probe (Chrono Boost)  
  15  0:37  Gateway  
  16  0:45  Probe (Chrono Boost)  
  16  0:49  Assimilator  
  17  0:55  Probe (Chrono Boost)  
  18  1:05  Probe (Chrono Boost)  
  18  1:11  Gateway  
  19  1:13  Assimilator  
  19  1:15  Probe (Chrono Boost)  
  20  1:26  Cybernetics Core  
  20  1:29  Probe (Chrono Boost)  
  21  1:38  Pylon  
  21  1:39  Probe (Chrono Boost)  
  22  1:49  Probe (Chrono Boost)  
  23  1:59  Probe (Chrono Boost)  
  24  2:03  Warp Gate  
  24  2:04  Adept x2  
  28  2:09  Mothership Core (Chrono Boost)  
  30  2:28  Pylon  
  29  2:49  Nexus  
  29  2:51  Pylon  
  29  2:57  Sentry x2  
  33  3:04  Probe (Chrono Boost)  
  34  3:12  Robotics Facility  
  34  3:14  Probe (Chrono Boost)  
  35  3:24  Probe (Chrono Boost)  
  36  3:37  Probe (Chrono Boost)  
  37  3:46  Probe (Chrono Boost)  
  38  3:54  Gateway  
  36  3:59  Gateway  
  36  4:03  Pylon  
  36  4:04  Observer  
  37  4:13  Probe x2 (Chrono Boost)  
  39  4:22  Probe (Chrono Boost)  
  40  4:26  Observer  
  41  4:40  Robotics Facility  
  41  4:47  Warp Prism  
  41  4:49  Twilight Council  
  43  4:58  Stalker x2  
  43  4:59  Stalker x2  
  51  5:06  Assimilator  
  51  5:09  Probe x2 (Chrono Boost)  
  51  5:10  Assimilator  
  53  5:15  Pylon  
  53  5:18  Probe (Chrono Boost)  
  54  5:28  Blink (Chrono Boost)  
  54  5:33  Forge  
  54  5:44  Probe  
  54  5:46  Probe  
  56  5:51  Stalker  
  56  5:52  Stalker  
  56  5:58  Probe  
  57  6:06  Zealot x2  
  61  6:18  Stalker x2  
  63  6:23  Photon Cannon  
  61  6:38  Stalker x2  
  65  6:43  Immortal x2  
  65  6:46  Zealot x2  
  53  7:11  Stalker x3  
  59  7:16  Photon Cannon  
  58  7:34  Probe  
  58  7:36  Probe  
  60  7:39  Photon Cannon  
  60  7:40  Stalker x3  
  66  7:48  Probe  
  67  7:51  Photon Cannon  
  67  8:09  Gateway  
  67  8:11  Gateway  
  63  8:23  Gateway  
  63  8:30  Stalker  
  63  8:31  Stalker x2  
  69  8:36  Immortal  
  69  8:38  Immortal  
  77  8:45  Pylon  
  77  9:19  Sentry x4  
  85  9:28  Pylon  
  85  9:29  Pylon  
  85  9:31  Pylon  
  85  9:42  Charge (Chrono Boost)  
  85  9:48  Nexus  
  85  9:49  Pylon  
  85  9:52  Pylon  
  85  9:53  Zealot x3  
  85  9:54  Zealot  
  93  10:09  Immortal  
  97  10:29  Templar Archives  
  97  10:33  Photon Cannon  
  97  10:36  Gateway  
  97  10:40  Gateway  
  87  10:51  Warp Prism  
  89  11:06  Probe x2  
  89  11:08  Probe  
  92  11:15  Probe  
  92  11:16  Probe  
  94  11:19  Stalker x3  
  94  11:20  Stalker, Probe  
Show
View Real Time Build Order
Export as new Build Order

Nidhogg Terran - Winner!

Build Orders: Liberator Opening 

Get SALT Encoding   

  12  0:01  SCV  
  13  0:13  SCV  
  14  0:18  Supply Depot  
  14  0:25  SCV  
  14  0:28  Refinery  
  15  0:39  SCV  
  16  0:45  Barracks  
  16  0:51  SCV  
  16  0:56  Refinery  
  17  1:03  SCV  
  18  1:16  SCV  
  20  1:33  Orbital Command  
  20  1:34  Reaper  
  20  1:51  Supply Depot, Factory  
  20  1:59  SCV  
  21  2:06  Barracks Reactor  
  21  2:11  SCV  
  22  2:27  Command Center  
  22  2:34  SCV  
  23  2:37  Factory Tech Lab, Starport  
  23  2:44  Marine x2  
  23  2:49  Bunker  
  24  3:09  Marine x2  
  24  3:12  Siege Tank  
  29  3:13  Starport Tech Lab  
  29  3:16  SCV  
  29  3:19  Supply Depot  
  30  3:27  Starport Tech Lab  
  30  3:28  SCV  
  31  3:39  Marine x2  
  31  3:41  Liberator  
  33  3:46  Orbital Command  
  33  3:47  SCV  
  32  3:56  Siege Tank  
  32  4:01  Marine x2  
  39  4:25  Liberator  
  39  4:28  SCV x2  
  39  4:29  Marine x2  
  42  4:40  Supply Depot, SCV x2  
  47  4:55  SCV  
  47  4:56  SCV  
  49  5:07  Command Center, Engineering Bay  
  49  5:08  SCV x2  
  49  5:10  Siege Tank  
  49  5:12  Marine  
  49  5:13  Marine  
  56  5:28  SCV x2  
  58  5:29  Unknown  
  58  5:33  Supply Depot  
  58  5:41  Liberator  
  58  5:57  Siege Tank  
  64  6:15  Marine x2  
  66  6:21  Barracks x2  
  66  6:23  Barracks x2  
  66  6:24  SCV  
  66  6:25  SCV  
  68  6:27  Supply Depot  
  68  6:31  Missile Turret  
  68  6:32  Missile Turret, Marine  
  68  6:33  Siege Tank, Missile Turret, Marine  
  68  6:34  Liberator  
  73  6:48  Orbital Command  
  62  7:26  Marine x2  
  61  7:31  SCV x3  
  61  7:33  Barracks Reactor  
  61  7:34  Barracks Tech Lab  
  61  7:35  Barracks Tech Lab  
  64  7:43  SCV  
  64  7:44  Marine x2  
  67  8:01  Marine  
  67  8:02  Marine  
  64  8:14  SCV x3  
  54  8:20  Marine x2  
  54  8:21  Siege Tank, Orbital Command  
  54  8:25  Combat Shields  
  54  8:26  SCV, Stimpack  
  57  8:30  Barracks Reactor  
  57  8:38  Marine x2  
  57  8:39  Marauder x2, Marine x2  
  65  8:42  Barracks  
  65  8:46  Refinery  
  65  8:47  SCV x2, Refinery  
  65  8:48  SCV  
  68  8:56  Supply Depot, Marine x3  
  68  8:57  Supply Depot, Marine  
  68  8:59  Supply Depot x2  
  72  9:02  Barracks  
  72  9:03  Terran Infantry Weapons Level 1, Barracks  
  72  9:04  Barracks  
  72  9:05  Barracks  
  72  9:07  Supply Depot  
  72  9:10  Supply Depot  
  72  9:12  Supply Depot  
  72  9:16  Marauder x2, Marine x2  
  78  9:22  SCV x2  
  78  9:23  SCV  
  81  9:33  Marauder  
  81  9:34  SCV, Marine  
  85  9:39  Command Center  
  85  9:40  Marauder x2, Marine x2  
  85  9:43  Barracks Reactor  
  85  9:44  Marine  
  92  9:45  Medivac  
  92  9:48  Medivac  
  92  9:51  SCV, Marine  
  92  9:52  SCV x2  
  100  9:55  Marauder  
  100  9:57  Marine  
  100  9:58  Barracks Reactor, Marine  
  100  9:59  Barracks Reactor  
  104  10:00  Barracks Tech Lab  
  104  10:01  Marauder  
  104  10:02  Marine x2  
  104  10:03  Marauder  
  104  10:04  SCV x3  
  113  10:09  Marine  
  114  10:15  Marine  
  114  10:16  SCV x3, Marauder  
  114  10:18  Supply Depot  
  114  10:19  Supply Depot  
  114  10:21  Refinery, Marine x2  
  120  10:22  Refinery, Marauder  
  120  10:23  Medivac  
  120  10:28  SCV x2, Engineering Bay  
  128  10:33  Marine  
  128  10:34  Armory, Marauder x2, Marine x5  
  138  10:38  Marauder  
  140  10:44  Marine  
  140  10:45  Barracks Tech Lab  
  140  10:46  Marine  
  140  10:47  Marauder  
  144  11:07  Marine x4  
  144  11:08  Marine x4, Marauder x4  
  144  11:09  Marauder  
  162  11:15  Medivac x2  
  166  11:19  Marine  
  166  11:20  Marine  
  166  11:25  Marine x2  
  170  11:26  Siege Tank  
  170  11:29  Marauder x2  
  177  11:33  Marine  
  177  11:34  Marauder  
  177  11:38  Supply Depot  
  180  11:40  Supply Depot  
Tags
 
Add a new tag
Caveats
  • Supply blocks, unpowered buildings, or Contaminate may cause inaccurate times.
  • Supply counts are checked every 10 seconds.